SAAA
VERMONT LAKE MONSTERS @ NOLENSVILLE KNIGHTS
08/25/2041
 
TOP OF THE 1ST
Vermont Lake Monsters batting - Pitching for Nolensville Knights : RHP Carlos Simon
Pitching: RHP Carlos Simon
Batting: LHB Ryan Ferguson 0-0: Foul Ball, location: 2F
0-1: Ball
1-1: Ball
2-1: Swinging Strike
2-2: DOUBLE (Line Drive, 5D, EV 98.8 MPH)
Batting: RHB Frank Tatum 0-0: Ball
1-0: Ball
2-0: Ground out 6-3 (Groundball, 6, EV 85.0 MPH)
Ryan Ferguson to third
Batting: RHB Dusty Crum 0-0: Ball
1-0: Foul Ball, location: 2F
1-1: SINGLE (Line Drive, 89S, EV 98.1 MPH)
Ryan Ferguson scores
Batting: LHB Jiro Miyake 0-0: Ball
1-0: Ball
2-0: Ball
3-0: Base on Balls
Dusty Crum to second
Batting: RHB Tim O'Brian 0-0: Ball
1-0: DOUBLE (Flyball, 8LD, EV 93.8 MPH)
Dusty Crum scores
Jiro Miyake to third
Batting: RHB Cord Hosenbeck 0-0: Called Strike
0-1: Ground out 4-3 (Groundball, 4, EV 111.9 MPH)
Jiro Miyake scores
Tim O'Brian to third
Batting: RHB Wally Hill 0-0: Ball
1-0: Ball
2-0: Ball
3-0: Base on Balls
Batting: RHB Meshach Ashpenaz 0-0: Ball
1-0: Ball
2-0: Fly out, F9 (Flyball, 9S, EV 73.1 MPH)
Top of the 1st over - 3 runs, 3 hits, 0 errors, 2 left on base; Vermont 3 - Nolensville 0
BOTTOM OF THE 1ST
Nolensville Knights batting - Pitching for Vermont Lake Monsters : RHP Jonathan Jones
Pitching: RHP Jonathan Jones
Batting: LHB Jorge Mateu 0-0: Ball
1-0: Called Strike
1-1: Called Strike
1-2: Ball
2-2: Foul Ball, location: 2F
2-2: Ball
3-2: Foul Ball, location: 2F
3-2: Base on Balls
Batting: RHB Pat Kramer 0-0: Ball
1-0: Fly out, F9 (Flyball, 9, EV 81.9 MPH)
Batting: RHB Dale Goodman 0-0: Ball
1-0: Ball
2-0: Ball
3-0: Fly out, F7 (Flyball, 78S, EV 82.5 MPH)
Batting: LHB Juan Jimínez 0-0: Called Strike
0-1: Ball
1-1: Ball
2-1: Fly out, F9 (Flyball, 9LS, EV 84.4 MPH)
Bottom of the 1st over - 0 runs, 0 hits, 0 errors, 1 left on base; Vermont 3 - Nolensville 0
TOP OF THE 2ND
Vermont Lake Monsters batting - Pitching for Nolensville Knights : RHP Carlos Simon
Batting: RHB Álex Chávez 0-0: Swinging Strike
0-1: Ground out 3-1 (Groundball, 34, EV 96.9 MPH)
Batting: LHB Ryan Ferguson 0-0: Ball
1-0: Called Strike
1-1: Foul Ball, location: 2F
1-2: DOUBLE (Line Drive, 78D, EV 102.5 MPH)
Batting: RHB Frank Tatum 0-0: Called Strike
Ryan Ferguson steals 3rd base
0-1: Swinging Strike
0-2: SINGLE (Line Drive, 9LM, EV 103.8 MPH)
Ryan Ferguson scores
Batting: RHB Dusty Crum 0-0: Ball
1-0: Ball
2-0: Called Strike
2-1: Foul Ball, location: 2F
2-2: Strikes out swinging
Batting: LHB Jiro Miyake 0-0: Foul Ball, location: 2F
0-1: Ball
1-1: Foul Ball, location: 2F
1-2: Ball
2-2: Ground out 6-3 (Groundball, 6MS, EV 63.8 MPH)
Top of the 2nd over - 1 run, 2 hits, 0 errors, 1 left on base; Vermont 4 - Nolensville 0
BOTTOM OF THE 2ND
Nolensville Knights batting - Pitching for Vermont Lake Monsters : RHP Jonathan Jones
Batting: RHB Carlos Garza 0-0: Called Strike
0-1: Ball
1-1: Called Strike
1-2: Strikes out swinging
Batting: RHB Ace Felder 0-0: Foul Ball, location: 2F
0-1: Foul Ball, location: 2F
0-2: Ball
1-2: Strikes out looking
Batting: LHB Brenton Winston 0-0: Ball
1-0: Fly out, F8 (Flyball, 78D, EV 100.0 MPH)
Bottom of the 2nd over - 0 runs, 0 hits, 0 errors, 0 left on base; Vermont 4 - Nolensville 0
TOP OF THE 3RD
Vermont Lake Monsters batting - Pitching for Nolensville Knights : RHP Carlos Simon
Batting: RHB Tim O'Brian 0-0: Foul Ball, location: 2F
0-1: Swinging Strike
0-2: Foul Ball, location: 2F
0-2: Strikes out swinging
Batting: RHB Cord Hosenbeck 0-0: Called Strike
0-1: Swinging Strike
0-2: Ball
1-2: Ball
2-2: Ground out 1-3 (Groundball, 13, EV 68.8 MPH)
Batting: RHB Wally Hill 0-0: Foul Ball, location: 2F
0-1: Called Strike
0-2: Fly out, F9 (Flyball, 9S, EV 90.0 MPH)
Top of the 3rd over - 0 runs, 0 hits, 0 errors, 0 left on base; Vermont 4 - Nolensville 0
BOTTOM OF THE 3RD
Nolensville Knights batting - Pitching for Vermont Lake Monsters : RHP Jonathan Jones
Batting: RHB Juan Perales 0-0: Foul Ball, location: 2F
0-1: Ball
1-1: Swinging Strike
1-2: Ball
2-2: Ball
3-2: Ground out 6-3 (Groundball, 6, EV 80.6 MPH)
Batting: RHB Jiao-long Xú 0-0: Ball
1-0: Ball
2-0: Ball
3-0: Called Strike
3-1: Foul Ball, location: 2F
3-2: Strikes out swinging
Batting: LHB Jorge Mateu 0-0: Called Strike
0-1: Fly out, F2 (Popup, 3SF, EV 76.9 MPH)
Bottom of the 3rd over - 0 runs, 0 hits, 0 errors, 0 left on base; Vermont 4 - Nolensville 0
TOP OF THE 4TH
Vermont Lake Monsters batting - Pitching for Nolensville Knights : RHP Carlos Simon
Batting: RHB Meshach Ashpenaz 0-0: Ball
1-0: Ground out 6-3 (Groundball, 6, EV 80.0 MPH)
Batting: RHB Álex Chávez 0-0: Called Strike
0-1: Ball
1-1: Called Strike
1-2: Strikes out swinging
Batting: LHB Ryan Ferguson 0-0: Called Strike
0-1: Called Strike
0-2: Ball
1-2: Strikes out swinging
Top of the 4th over - 0 runs, 0 hits, 0 errors, 0 left on base; Vermont 4 - Nolensville 0
BOTTOM OF THE 4TH
Nolensville Knights batting - Pitching for Vermont Lake Monsters : RHP Jonathan Jones
Batting: RHB Pat Kramer 0-0: Called Strike
0-1: Swinging Strike
0-2: Ball
1-2: Strikes out swinging
Batting: RHB Dale Goodman 0-0: SOLO HOME RUN (Line Drive, 7D, EV 103.1 MPH), Distance : 397 ft
Batting: LHB Juan Jimínez 0-0: Foul Ball, location: 2F
0-1: Foul Ball, location: 2F
0-2: Foul Ball, location: 2F
0-2: Ground out 4-3 (Groundball, 34D, EV 108.8 MPH)
Batting: RHB Carlos Garza 0-0: Called Strike
0-1: Ball
1-1: Foul Ball, location: 2F
1-2: Fly out, F7 (Flyball, 7LSF, EV 83.1 MPH)
Bottom of the 4th over - 1 run, 1 hit, 0 errors, 0 left on base; Vermont 4 - Nolensville 1
TOP OF THE 5TH
Vermont Lake Monsters batting - Pitching for Nolensville Knights : RHP Carlos Simon
Batting: RHB Frank Tatum 0-0: Ball
1-0: Ground out 4-3 (Groundball, 4, EV 106.9 MPH)
Batting: RHB Dusty Crum 0-0: Called Strike
0-1: Swinging Strike
0-2: Foul Ball, location: 2F
0-2: Ball
1-2: Ball
2-2: Foul Ball, location: 2F
2-2: Fly out, F3 (Popup, 3, EV 73.8 MPH)
Batting: LHB Jiro Miyake 0-0: Called Strike
0-1: Called Strike
0-2: Ball
1-2: Ball
2-2: Foul Ball, location: 2F
2-2: Foul Ball, location: 2F
2-2: Foul Ball, location: 2F
2-2: Foul Ball, location: 2F
2-2: DOUBLE (Groundball, 3D, EV 106.2 MPH)
Batting: RHB Tim O'Brian 0-0: Ground out 6-3 (Groundball, 6, EV 93.1 MPH)
Top of the 5th over - 0 runs, 1 hit, 0 errors, 1 left on base; Vermont 4 - Nolensville 1
BOTTOM OF THE 5TH
Nolensville Knights batting - Pitching for Vermont Lake Monsters : RHP Jonathan Jones
Batting: RHB Ace Felder 0-0: Ball
1-0: Ball
2-0: Called Strike
2-1: Fly out, F8 (Line Drive, 8RM, EV 88.1 MPH)
Batting: LHB Brenton Winston 0-0: Ground out 4-3 (Groundball, 4, EV 85.6 MPH)
Batting: RHB Juan Perales 0-0: Called Strike
0-1: Ground out 6-3 (Groundball, 6M, EV 100.0 MPH)
Bottom of the 5th over - 0 runs, 0 hits, 0 errors, 0 left on base; Vermont 4 - Nolensville 1
TOP OF THE 6TH
Vermont Lake Monsters batting - Pitching for Nolensville Knights : RHP Carlos Simon
Batting: RHB Cord Hosenbeck 0-0: Ball
1-0: Swinging Strike
1-1: Called Strike
1-2: Ground out 6-3 (Groundball, 6, EV 96.2 MPH)
Batting: RHB Wally Hill 0-0: Ground out 6-3 (Groundball, 6, EV 78.8 MPH)
Batting: RHB Meshach Ashpenaz 0-0: Called Strike
0-1: Foul Ball, location: 2F
0-2: Ball
1-2: Foul Ball, location: 2F
1-2: Ball
2-2: Fly out, F4 (Popup, 34, EV 78.1 MPH)
Top of the 6th over - 0 runs, 0 hits, 0 errors, 0 left on base; Vermont 4 - Nolensville 1
BOTTOM OF THE 6TH
Nolensville Knights batting - Pitching for Vermont Lake Monsters : RHP Jonathan Jones
Batting: RHB Jiao-long Xú 0-0: Foul Ball, location: 2F
0-1: Ball
1-1: Called Strike
1-2: Ball
2-2: Strikes out looking
Batting: LHB Jorge Mateu 0-0: Ball
1-0: Swinging Strike
1-1: Ball
2-1: Ball
3-1: Foul Ball, location: 2F
3-2: Ground out 5-3 (Groundball, 56D, EV 83.1 MPH)
Batting: RHB Pat Kramer 0-0: Called Strike
0-1: Swinging Strike
0-2: Ball
1-2: Ball
2-2: Fly out, F8 (Flyball, 8RS, EV 92.5 MPH)
Bottom of the 6th over - 0 runs, 0 hits, 0 errors, 0 left on base; Vermont 4 - Nolensville 1
TOP OF THE 7TH
Vermont Lake Monsters batting - Pitching for Nolensville Knights : RHP Carlos Simon
Pitching: LHP Ben Gillespie
Batting: RHB Álex Chávez 0-0: Foul Ball, location: 2F
0-1: Called Strike
0-2: Strikes out swinging
Batting: LHB Ryan Ferguson 0-0: Foul Ball, location: 2F
0-1: Swinging Strike
0-2: Ball
1-2: Strikes out looking
Batting: RHB Frank Tatum 0-0: Foul Ball, location: 2F
0-1: Ball
1-1: Swinging Strike
1-2: Ball
2-2: Ground out 1-3 (Groundball, 34S, EV 63.1 MPH)
Top of the 7th over - 0 runs, 0 hits, 0 errors, 0 left on base; Vermont 4 - Nolensville 1
BOTTOM OF THE 7TH
Nolensville Knights batting - Pitching for Vermont Lake Monsters : RHP Jonathan Jones
Batting: RHB Dale Goodman 0-0: Called Strike
0-1: Ball
1-1: Fly out, F6 (Popup, 6MD, EV 57.5 MPH)
Batting: LHB Juan Jimínez 0-0: Foul Ball, location: 2F
0-1: Fly out, F9 (Flyball, 9, EV 87.5 MPH)
Batting: RHB Carlos Garza 0-0: Swinging Strike
0-1: Called Strike
0-2: Strikes out swinging
Bottom of the 7th over - 0 runs, 0 hits, 0 errors, 0 left on base; Vermont 4 - Nolensville 1
TOP OF THE 8TH
Vermont Lake Monsters batting - Pitching for Nolensville Knights : LHP Ben Gillespie
Batting: RHB Dusty Crum 0-0: Foul Ball, location: 2F
0-1: SINGLE (Line Drive, 7S, EV 94.4 MPH)
Batting: LHB Jiro Miyake 0-0: Called Strike
0-1: SINGLE (Groundball, 34D, EV 100.6 MPH)
Dusty Crum to second
Runner from 2nd tries for 3rd, SAFE, no throw by RF
Batting: RHB Tim O'Brian 0-0: Ball
1-0: Foul Ball, location: 2F
1-1: Foul Ball, location: 2F
1-2: Ball
2-2: Ball
3-2: Base on Balls
Jiro Miyake to second
Batting: RHB Cord Hosenbeck 0-0: Called Strike
0-1: Called Strike
0-2: Ball
1-2: Ball
2-2: Grounds into fielders choice 6-2 (Groundball, 6, EV 86.2 MPH)
Jiro Miyake to third
Tim O'Brian to second
Batting: RHB Wally Hill 0-0: Called Strike
0-1: Ball
1-1: Foul Ball, location: 2F
1-2: Ball
2-2: Foul Ball, location: 2F
2-2: Ball
3-2: Grounds into fielders choice 4-2 (Groundball, 4, EV 85.0 MPH)
Tim O'Brian to third
Cord Hosenbeck to second
Batting: RHB Meshach Ashpenaz 0-0: Called Strike
0-1: SINGLE (Flyball, 9LS, EV 86.2 MPH)
Tim O'Brian scores
Cord Hosenbeck to third
Wally Hill to second
Runner from 3rd tries for Home, SAFE, throw by RF to home
Batting: RHB Álex Chávez 0-0: Called Strike
0-1: 3-RUN HOME RUN (Flyball, 7D, EV 101.2 MPH), Distance : 390 ft
Pitching: LHP Ken French
Pinch Hitting: LHB John Castro 0-0: Ball
1-0: Ground out 6-3 (Groundball, 6, EV 82.5 MPH)
Top of the 8th over - 5 runs, 4 hits, 0 errors, 0 left on base; Vermont 9 - Nolensville 1
BOTTOM OF THE 8TH
Nolensville Knights batting - Pitching for Vermont Lake Monsters : RHP Jonathan Jones
Now in LF: Todd Strachota
Batting: RHB Ace Felder 0-0: Ground out 6-3 (Groundball, 6, EV 89.4 MPH)
Pinch Hitting: LHB Mitchell Pate 0-0: Ball
1-0: Ball
2-0: Ball
3-0: Called Strike
3-1: Fly out, F8 (Line Drive, 8LM, EV 109.4 MPH)
Batting: RHB Juan Perales 0-0: Ground out 4-3 (Groundball, 4S, EV 72.5 MPH)
Bottom of the 8th over - 0 runs, 0 hits, 0 errors, 0 left on base; Vermont 9 - Nolensville 1
TOP OF THE 9TH
Vermont Lake Monsters batting - Pitching for Nolensville Knights : LHP Ken French
Now in CF: Mitchell Pate
Batting: RHB Frank Tatum 0-0: Ground out 6-3 (Groundball, 6S, EV 86.9 MPH)
Batting: RHB Dusty Crum 0-0: Ball
1-0: Ball
2-0: Foul Ball, location: 2F
2-1: SOLO HOME RUN (Flyball, 7D, EV 111.9 MPH), Distance : 387 ft
Batting: LHB Jiro Miyake 0-0: Called Strike
0-1: Foul Ball, location: 2F
0-2: Foul Ball, location: 2F
0-2: Ball
1-2: Ball
2-2: Ball
3-2: Strikes out swinging
Batting: RHB Tim O'Brian 0-0: Called Strike
0-1: Ball
1-1: DOUBLE (Line Drive, 8RD, EV 100.6 MPH)
Batting: RHB Cord Hosenbeck 0-0: Swinging Strike
0-1: Ball
1-1: Foul Ball, location: 2F
1-2: Ball
2-2: Foul Ball, location: 2F
2-2: SINGLE (Groundball, 6MD, EV 95.6 MPH)
Tim O'Brian to third
Runner from 3rd tries for Home, SAFE, throw by CF to home
Batting: RHB Wally Hill 0-0: Called Strike
0-1: SINGLE (Groundball, 4MD, EV 108.8 MPH)
Cord Hosenbeck to second
Batting: RHB Meshach Ashpenaz 0-0: Fly out, F8 (Flyball, 89S, EV 87.5 MPH)
Top of the 9th over - 2 runs, 4 hits, 0 errors, 2 left on base; Vermont 11 - Nolensville 1
BOTTOM OF THE 9TH
Nolensville Knights batting - Pitching for Vermont Lake Monsters : RHP Jonathan Jones
Batting: RHB Jiao-long Xú 0-0: Ball
1-0: Foul Ball, location: 2F
1-1: Called Strike
1-2: Ball
2-2: Strikes out swinging
Batting: LHB Jorge Mateu 0-0: Ball
1-0: Called Strike
1-1: Foul Ball, location: 2F
1-2: Strikes out swinging
Pinch Hitting: LHB António Escobeda 0-0: Called Strike
0-1: Ball
1-1: Ball
2-1: Ball
3-1: Base on Balls
Pitching: RHP Alfonso Hadalgo
Batting: RHB Dale Goodman 0-0: Ball
1-0: Ball
2-0: Fielders Choice at 2nd, 6-4 (Groundball, 56, EV 90.6 MPH)
Bottom of the 9th over - 0 runs, 0 hits, 0 errors, 1 left on base; Vermont 11 - Nolensville 1
Tuesday, January 5th, 2021 - OOTP Baseball 20.8 Build 74